BSA
NEW YORK KNIGHTS @ SO CAL HENVY
09/22/2026
 
TOP OF THE 1ST
New York Knights batting - Pitching for So Cal Henvy : RHP Alejandro Méndez
Pitching: RHP Alejandro Méndez
Batting: LHB Warren Potter 0-0: Ball
1-0: Fly out, F7 (Flyball, 7LMF)
Batting: RHB Pepe Carrasco 0-0: Ball
1-0: Hit by Pitch
Batting: LHB Troy Donaldson 0-0: Ball
1-0: Called Strike
1-1: Ball
2-1: Ball
3-1: Grounds into double play, 1-6-3 (Groundball, 13)
Top of the 1st over - 0 run(s), 0 hit(s), 0 error(s), 0 left on base; New York 0 - So Cal 0
BOTTOM OF THE 1ST
So Cal Henvy batting - Pitching for New York Knights : LHP Hong-ryul Yun
Pitching: LHP Hong-ryul Yun
Batting: SHB Miguel González 0-0: Ball
1-0: Called Strike
1-1: SINGLE (Groundball, 56S)
Batting: LHB John Peterson 0-0: Ball
1-0: SINGLE (Line Drive, 34)
Miguel González to second
Miguel González to third
Batting: RHB Earl Wiggins 0-0: Foul Ball, location: 2F
0-1: Ball
1-1: Ball
2-1: Ball
3-1: Called Strike
3-2: Base on Balls
John Peterson to second
Batting: LHB César Valentín 0-0: Ball
1-0: Called Strike
1-1: Ball
2-1: Foul Ball, location: 2F
2-2: Foul Ball, location: 2F
2-2: Strikes out swinging
Batting: RHB Rubén Calderón 0-0: Called Strike
0-1: Ball
1-1: Called Strike
1-2: Fly out, F7 (Line Drive, 7LD)
Runner from 3rd tags up, SCORES, no throw
John Peterson to third
Batting: LHB José Antonio Santiago 0-0: Called Strike
0-1: Called Strike
0-2: Fly out, F9 (Line Drive, 89D)
Bottom of the 1st over - 1 run(s), 2 hit(s), 0 error(s), 2 left on base; New York 0 - So Cal 1
TOP OF THE 2ND
New York Knights batting - Pitching for So Cal Henvy : RHP Alejandro Méndez
Batting: LHB Tom Waller 0-0: Ball
1-0: Ball
2-0: Swinging Strike
2-1: Foul Ball, location: 2F
2-2: Strikes out looking
Batting: LHB Iván Salas 0-0: Called Strike
0-1: Fly out, F8 (Flyball, 8RM)
Batting: RHB José Aguilera 0-0: Called Strike
0-1: Called Strike
0-2: Foul Ball, location: 2F
0-2: Foul Ball, location: 2F
0-2: Ball
1-2: Foul Ball, location: 2F
1-2: Ball
2-2: Ball
3-2: Ground out 5-3 (Groundball, 56)
Top of the 2nd over - 0 run(s), 0 hit(s), 0 error(s), 0 left on base; New York 0 - So Cal 1
BOTTOM OF THE 2ND
So Cal Henvy batting - Pitching for New York Knights : LHP Hong-ryul Yun
Batting: RHB Morgan Gibbon 0-0: Ball
1-0: Called Strike
1-1: Ground out 4-3 (Groundball, 4M)
Batting: RHB Gregg Nelson 0-0: Ball
1-0: Fly out, F7 (Flyball, 7LMF)
Batting: SHB Derek Roach 0-0: Ball
1-0: Ground out 5-3 (Groundball, 56)
Bottom of the 2nd over - 0 run(s), 0 hit(s), 0 error(s), 0 left on base; New York 0 - So Cal 1
TOP OF THE 3RD
New York Knights batting - Pitching for So Cal Henvy : RHP Alejandro Méndez
Batting: RHB Sixto Vélez 0-0: Ball
1-0: Called Strike
1-1: Foul Ball, location: 2F
1-2: Strikes out swinging
Batting: RHB Lonnie Anderson 0-0: Foul Ball, location: 2F
0-1: Ball
1-1: Fly out, F4 (Popup, 4M)
Batting: RHB Yasuhiko Sumita 0-0: Foul Ball, location: 2F
0-1: Fly out, F4 (Popup, 3DF)
Top of the 3rd over - 0 run(s), 0 hit(s), 0 error(s), 0 left on base; New York 0 - So Cal 1
BOTTOM OF THE 3RD
So Cal Henvy batting - Pitching for New York Knights : LHP Hong-ryul Yun
Batting: SHB Miguel González 0-0: Called Strike
0-1: Ball
1-1: Ball
2-1: Ball
3-1: Foul Ball, location: 2F
3-2: Ground out 6-3 (Groundball, 6MS)
Batting: LHB John Peterson 0-0: Called Strike
0-1: Foul Ball, location: 2F
0-2: Foul Ball, location: 2F
0-2: SINGLE (Groundball, 34)
Batting: RHB Earl Wiggins 0-0: Ball
1-0: Foul Ball, location: 2F
1-1: Called Strike
1-2: TRIPLE (Popup, 9LS)
John Peterson scores
Batting: LHB César Valentín 0-0: Ball
1-0: Swinging Strike
1-1: Swinging Strike
1-2: Strikes out swinging
Batting: RHB Rubén Calderón 0-0: Called Strike
0-1: Foul Ball, location: 2F
0-2: Ball
1-2: Ball
2-2: Ground out 6-3 (Groundball, 6M)
Bottom of the 3rd over - 1 run(s), 2 hit(s), 0 error(s), 1 left on base; New York 0 - So Cal 2
TOP OF THE 4TH
New York Knights batting - Pitching for So Cal Henvy : RHP Alejandro Méndez
Batting: LHB Warren Potter 0-0: Ball
1-0: Foul Ball, location: 2F
1-1: Foul Ball, location: 2F
1-2: Fly out, F8 (Flyball, 78D)
Batting: RHB Pepe Carrasco 0-0: Ball
1-0: Ball
2-0: Swinging Strike
2-1: Swinging Strike
2-2: Ball
3-2: Strikes out swinging
Batting: LHB Troy Donaldson 0-0: SOLO HOME RUN (Line Drive, 9LD), Distance : 356 ft
Batting: LHB Tom Waller 0-0: Fly out, F8 (Flyball, 8LD)
Top of the 4th over - 1 run(s), 1 hit(s), 0 error(s), 0 left on base; New York 1 - So Cal 2
BOTTOM OF THE 4TH
So Cal Henvy batting - Pitching for New York Knights : LHP Hong-ryul Yun
Batting: LHB José Antonio Santiago 0-0: Ball
1-0: Ball
2-0: Ball
3-0: Base on Balls
Batting: RHB Morgan Gibbon 0-0: Ball
1-0: Called Strike
1-1: Called Strike
1-2: Ball
2-2: Foul Ball, location: 2F
2-2: Fly out, F6 (Popup, 6MD)
Batting: RHB Gregg Nelson 0-0: Called Strike
0-1: Ball
1-1: Ball
2-1: Ball
3-1: Foul Ball, location: 2F
3-2: Ground out 1-3 (Groundball, 34S)
José Antonio Santiago to second
Batting: SHB Derek Roach 0-0: SINGLE (Line Drive, 56D)
José Antonio Santiago to third
Runner from 3rd tries for Home, SAFE, no throw or cutoff
Batting: SHB Miguel González 0-0: Ball
1-0: Ball
2-0: SINGLE (Groundball, 56D)
Derek Roach to second
Batting: LHB John Peterson 0-0: SINGLE (Flyball, 6MD)
Derek Roach to third
Miguel González to second
Runner from 3rd tries for Home, SAFE, no throw or cutoff
Batting: RHB Earl Wiggins 0-0: Ball
1-0: Ball
2-0: Swinging Strike
2-1: Ball
3-1: SINGLE (Groundball, 4MD)
Miguel González to third
John Peterson to second
Runner from 3rd tries for Home, SAFE, no throw or cutoff
Batting: LHB César Valentín 0-0: Ball
1-0: Called Strike
1-1: Ball
2-1: Foul Ball, location: 2F
2-2: Fly out, F7 (Line Drive, 7LS)
Bottom of the 4th over - 3 run(s), 4 hit(s), 0 error(s), 2 left on base; New York 1 - So Cal 5
TOP OF THE 5TH
New York Knights batting - Pitching for So Cal Henvy : RHP Alejandro Méndez
Batting: LHB Iván Salas 0-0: Ball
1-0: Ball
2-0: Called Strike
2-1: Swinging Strike
2-2: Ground out 5-3 (Groundball, 56S)
Batting: RHB José Aguilera 0-0: Ball
1-0: Ball
2-0: Called Strike
2-1: Fly out, F8 (Flyball, 8LD)
Batting: RHB Sixto Vélez 0-0: Ball
1-0: Ground out 6-3 (Groundball, 6M)
Top of the 5th over - 0 run(s), 0 hit(s), 0 error(s), 0 left on base; New York 1 - So Cal 5
BOTTOM OF THE 5TH
So Cal Henvy batting - Pitching for New York Knights : LHP Hong-ryul Yun
Batting: RHB Rubén Calderón 0-0: Ball
1-0: Called Strike
1-1: Called Strike
1-2: Ball
2-2: Ground out 2-3 (Groundball, 2L)
Batting: LHB José Antonio Santiago 0-0: Called Strike
0-1: Ball
1-1: Called Strike
1-2: Strikes out swinging
Batting: RHB Morgan Gibbon 0-0: Ball
1-0: Fly out, F4 (Popup, 4M)
Bottom of the 5th over - 0 run(s), 0 hit(s), 0 error(s), 0 left on base; New York 1 - So Cal 5
TOP OF THE 6TH
New York Knights batting - Pitching for So Cal Henvy : RHP Alejandro Méndez
Batting: RHB Lonnie Anderson 0-0: Fly out, F9 (Flyball, 89D)
Batting: RHB Yasuhiko Sumita 0-0: Ball
1-0: Ball
2-0: Foul Ball, location: 2F
2-1: Foul Ball, location: 2F
2-2: Ball
3-2: Base on Balls
Batting: LHB Warren Potter 0-0: Grounds into double play, 6-4-3 (Groundball, 6)
Top of the 6th over - 0 run(s), 0 hit(s), 0 error(s), 0 left on base; New York 1 - So Cal 5
BOTTOM OF THE 6TH
So Cal Henvy batting - Pitching for New York Knights : LHP Hong-ryul Yun
Batting: RHB Gregg Nelson 0-0: Ball
1-0: Ball
2-0: Foul Ball, location: 2F
2-1: Swinging Strike
2-2: Foul Ball, location: 2F
2-2: Strikes out looking
Batting: SHB Derek Roach 0-0: Ball
1-0: Called Strike
1-1: Ball
2-1: Called Strike
2-2: Ball
3-2: Foul Ball, location: 2F
3-2: Base on Balls
Batting: SHB Miguel González 0-0: Called Strike
0-1: Ball
1-1: Foul Ball, location: 2F
1-2: Ball
2-2: Ball
3-2: Fly out, F7 (Flyball, 7M)
Batting: LHB John Peterson 0-0: SINGLE (Groundball, 4MD)
Derek Roach to second
Batting: RHB Earl Wiggins 0-0: Called Strike
0-1: Foul Ball, location: 2F
0-2: Foul Ball, location: 2F
0-2: Fly out, F9 (Flyball, 89S)
Bottom of the 6th over - 0 run(s), 1 hit(s), 0 error(s), 2 left on base; New York 1 - So Cal 5
TOP OF THE 7TH
New York Knights batting - Pitching for So Cal Henvy : RHP Alejandro Méndez
Batting: RHB Pepe Carrasco 0-0: Ball
1-0: Ball
2-0: Foul Ball, location: 2F
2-1: Foul Ball, location: 2F
2-2: Strikes out swinging
Batting: LHB Troy Donaldson 0-0: Ball
1-0: Called Strike
1-1: Ground out 4-3 (Groundball, 4)
Batting: LHB Tom Waller 0-0: Ball
1-0: Ball
2-0: Ball
3-0: Called Strike
3-1: Foul Ball, location: 2F
3-2: Base on Balls
Batting: LHB Iván Salas 0-0: Swinging Strike
0-1: Ball
1-1: Swinging Strike
1-2: Ball
2-2: Foul Ball, location: 2F
2-2: Foul Ball, location: 2F
2-2: Ground out 2-3 (Groundball, 2R)
Top of the 7th over - 0 run(s), 0 hit(s), 0 error(s), 1 left on base; New York 1 - So Cal 5
BOTTOM OF THE 7TH
So Cal Henvy batting - Pitching for New York Knights : LHP Hong-ryul Yun
Pitching: RHP Felipe Rodríguez
Batting: LHB César Valentín 0-0: Ball
1-0: Ball
2-0: Called Strike
2-1: Foul Ball, location: 2F
2-2: Ball
3-2: Strikes out swinging
Batting: RHB Rubén Calderón 0-0: Ball
1-0: Fly out, F7 (Line Drive, 7M)
Batting: LHB José Antonio Santiago 0-0: Called Strike
0-1: Ball
1-1: Ball
2-1: Ball
3-1: Fly out, F6 (Popup, 56D)
Bottom of the 7th over - 0 run(s), 0 hit(s), 0 error(s), 0 left on base; New York 1 - So Cal 5
TOP OF THE 8TH
New York Knights batting - Pitching for So Cal Henvy : RHP Alejandro Méndez
Batting: RHB José Aguilera 0-0: Swinging Strike
0-1: Foul Ball, location: 2F
0-2: Ball
1-2: Strikes out swinging
Batting: RHB Sixto Vélez 0-0: Foul Ball, location: 2F
0-1: Ball
1-1: Ball
2-1: DOUBLE (Line Drive, 5D)
Batting: RHB Lonnie Anderson 0-0: Ball
1-0: Ball
2-0: Ground out 6-3 (Groundball, 6)
Batting: RHB Yasuhiko Sumita 0-0: Ground out 4-3 (Groundball, 4)
Top of the 8th over - 0 run(s), 1 hit(s), 0 error(s), 1 left on base; New York 1 - So Cal 5
BOTTOM OF THE 8TH
So Cal Henvy batting - Pitching for New York Knights : RHP Felipe Rodríguez
Batting: RHB Morgan Gibbon 0-0: Foul Ball, location: 2F
0-1: Ball
1-1: Ground out 6-3 (Groundball, 6M)
Batting: RHB Gregg Nelson 0-0: Foul Ball, location: 2F
0-1: Foul Ball, location: 2F
0-2: Ball
1-2: Ball
2-2: Ground out 5-3 (Groundball, 56)
Batting: SHB Derek Roach 0-0: Ball
1-0: Ball
2-0: Foul Ball, location: 2F
2-1: Ball
3-1: Fly out, F9 (Flyball, 89D)
Bottom of the 8th over - 0 run(s), 0 hit(s), 0 error(s), 0 left on base; New York 1 - So Cal 5
TOP OF THE 9TH
New York Knights batting - Pitching for So Cal Henvy : RHP Alejandro Méndez
Pitching: RHP Juan Flores
Batting: LHB Warren Potter 0-0: Ground out 5-3 (Groundball, 5)
Batting: RHB Pepe Carrasco 0-0: Ground out 4-3 (Groundball, 4)
Batting: LHB Troy Donaldson 0-0: Fly out, F3 (Line Drive, 3L)
Top of the 9th over - 0 run(s), 0 hit(s), 0 error(s), 0 left on base; New York 1 - So Cal 5
Monday, December 5th, 2016 - OOTP Baseball 17.12 Build 75